3R
ELLESMERE ISLAND SNOWPEOPLE @ SHERIDAN DEER
07/25/2032
 
TOP OF THE 1ST
Ellesmere Island Snowpeople batting - Pitching for Sheridan Deer : LHP Jorge Moreno
Pitching: LHP Jorge Moreno
Batting: LHB Duncan Witteman 0-0: Fly out, F9 (Line Drive, 9)
Batting: RHB Riemer Kila 0-0: Ground out 1-3 (Groundball, P)
Batting: RHB Magtanggol Florencio 0-0: Ball
1-0: Ball
2-0: Called Strike
2-1: Called Strike
2-2: Foul Ball, location: 2F
2-2: Strikes out swinging
Top of the 1st over - 0 runs, 0 hits, 0 errors, 0 left on base; Ellesmere Island 0 - Sheridan 0
BOTTOM OF THE 1ST
Sheridan Deer batting - Pitching for Ellesmere Island Snowpeople : LHP Jorge Oyas
Pitching: LHP Jorge Oyas
Batting: RHB Jorge Carrillo 0-0: Fly out, F5 (Line Drive, 56S)
Batting: RHB Zitomir Weich 0-0: Ball
1-0: SINGLE (Groundball, 56D)
Batting: RHB Daniel Divina 0-0: Foul Ball, location: 2F
0-1: Grounds into double play, 6-4-3 (Groundball, 6)
Bottom of the 1st over - 0 runs, 1 hit, 0 errors, 0 left on base; Ellesmere Island 0 - Sheridan 0
TOP OF THE 2ND
Ellesmere Island Snowpeople batting - Pitching for Sheridan Deer : LHP Jorge Moreno
Batting: RHB Tatsui Kiyomizu 0-0: Called Strike
0-1: Foul Ball, location: 2F
0-2: Strikes out swinging
Batting: RHB Ryung Jae-Wook 0-0: Called Strike
0-1: Foul Ball, location: 2F
0-2: Foul Ball, location: 2F
0-2: Foul Ball, location: 2F
0-2: Ball
1-2: Foul Ball, location: 2F
1-2: Strikes out swinging
Batting: RHB César Rivera 0-0: Fly out, F8 (Flyball, 8RD)
Top of the 2nd over - 0 runs, 0 hits, 0 errors, 0 left on base; Ellesmere Island 0 - Sheridan 0
BOTTOM OF THE 2ND
Sheridan Deer batting - Pitching for Ellesmere Island Snowpeople : LHP Jorge Oyas
Batting: LHB Jeremy Malzahn 0-0: Called Strike
0-1: Swinging Strike
0-2: Foul Ball, location: 2F
0-2: Fly out, F6 (Popup, 6S)
Batting: RHB Chaim Werkman 0-0: Foul Ball, location: 2F
0-1: Ball
1-1: Foul Ball, location: 2F
1-2: Strikes out looking
Batting: RHB Brian Andrade 0-0: Called Strike
0-1: Foul Ball, location: 2F
0-2: Foul Ball, location: 2F
0-2: Ground out 5-3 (Groundball, 56)
Bottom of the 2nd over - 0 runs, 0 hits, 0 errors, 0 left on base; Ellesmere Island 0 - Sheridan 0
TOP OF THE 3RD
Ellesmere Island Snowpeople batting - Pitching for Sheridan Deer : LHP Jorge Moreno
Batting: RHB Wen Chua 0-0: Foul Ball, location: 2F
0-1: Ground out 6-3 (Groundball, 6)
Batting: SHB Armond Buonaiuti 0-0: DOUBLE (Groundball, 5L)
Batting: RHB Anass Balfakir 0-0: Ball
Armond Buonaiuti is caught stealing 3rd base
1-0: Ball
2-0: Called Strike
2-1: Fly out, F4 (Popup, 34)
Top of the 3rd over - 0 runs, 1 hit, 0 errors, 0 left on base; Ellesmere Island 0 - Sheridan 0
BOTTOM OF THE 3RD
Sheridan Deer batting - Pitching for Ellesmere Island Snowpeople : LHP Jorge Oyas
Batting: RHB Gabriel Torres 0-0: Swinging Strike
0-1: Ball
1-1: Called Strike
1-2: Ball
2-2: Strikes out looking
Batting: RHB Ju-choer Park 0-0: Ball
1-0: Foul Ball, location: 2F
1-1: Called Strike
1-2: Ground out 4-3 (Groundball, 4)
Batting: RHB Tolenka Kafengauz 0-0: Ball
1-0: SINGLE (Groundball, 6MD)
Batting: RHB Jorge Carrillo 0-0: Ball
1-0: Called Strike
1-1: Ball
2-1: Fly out, F5 (Popup, 5SF)
Bottom of the 3rd over - 0 runs, 1 hit, 0 errors, 1 left on base; Ellesmere Island 0 - Sheridan 0
TOP OF THE 4TH
Ellesmere Island Snowpeople batting - Pitching for Sheridan Deer : LHP Jorge Moreno
Batting: LHB Duncan Witteman 0-0: Fly out, F7 (Flyball, 78S)
Batting: RHB Riemer Kila 0-0: Called Strike
0-1: Fly out, F7 (Flyball, 78S)
Batting: RHB Magtanggol Florencio 0-0: Ball
1-0: Ball
2-0: Swinging Strike
2-1: Fly out, F9 (Line Drive, 9)
Top of the 4th over - 0 runs, 0 hits, 0 errors, 0 left on base; Ellesmere Island 0 - Sheridan 0
BOTTOM OF THE 4TH
Sheridan Deer batting - Pitching for Ellesmere Island Snowpeople : LHP Jorge Oyas
Batting: RHB Zitomir Weich 0-0: Ball
1-0: Ground out 6-3 (Groundball, 56D)
Batting: RHB Daniel Divina 0-0: Ball
1-0: Swinging Strike
1-1: Swinging Strike
1-2: Ball
2-2: Ball
3-2: Foul Ball, location: 2F
3-2: Foul Ball, location: 2F
3-2: Strikes out swinging
Batting: LHB Jeremy Malzahn 0-0: Ball
1-0: Called Strike
1-1: Called Strike
1-2: Ball
2-2: Ground out 6-3 (Groundball, 6)
Bottom of the 4th over - 0 runs, 0 hits, 0 errors, 0 left on base; Ellesmere Island 0 - Sheridan 0
TOP OF THE 5TH
Ellesmere Island Snowpeople batting - Pitching for Sheridan Deer : LHP Jorge Moreno
Batting: RHB Tatsui Kiyomizu 0-0: Called Strike
0-1: Foul Ball, location: 2F
0-2: Ball
1-2: Strikes out swinging
Batting: RHB Ryung Jae-Wook 0-0: Ball
1-0: Foul Ball, location: 2F
1-1: Called Strike
1-2: Ball
2-2: Strikes out swinging
Batting: RHB César Rivera 0-0: Swinging Strike
0-1: SINGLE (Line Drive, 4MD)
Batting: RHB Wen Chua 0-0: Called Strike
0-1: Ball
1-1: Ball
2-1: Ground out 1-3 (Groundball, 13)
Top of the 5th over - 0 runs, 1 hit, 0 errors, 1 left on base; Ellesmere Island 0 - Sheridan 0
BOTTOM OF THE 5TH
Sheridan Deer batting - Pitching for Ellesmere Island Snowpeople : LHP Jorge Oyas
Batting: RHB Chaim Werkman 0-0: Ball
1-0: Called Strike
1-1: Called Strike
1-2: Strikes out looking
Batting: RHB Brian Andrade 0-0: Ball
1-0: Ground out 4-3 (Groundball, 4M)
Batting: RHB Gabriel Torres 0-0: Ball
1-0: Fly out, F7 (Flyball, 7LD)
Bottom of the 5th over - 0 runs, 0 hits, 0 errors, 0 left on base; Ellesmere Island 0 - Sheridan 0
TOP OF THE 6TH
Ellesmere Island Snowpeople batting - Pitching for Sheridan Deer : LHP Jorge Moreno
Batting: SHB Armond Buonaiuti 0-0: Ball
1-0: Foul Ball, location: 2F
1-1: Fly out, F7 (Line Drive, 7)
Batting: RHB Anass Balfakir 0-0: Called Strike
0-1: Ball
1-1: Ground out 6-3 (Groundball, 6MD)
Batting: LHB Duncan Witteman 0-0: Called Strike
0-1: Ball
1-1: Ball
2-1: Ball
3-1: DOUBLE (Line Drive, 78D)
Batting: RHB Riemer Kila 0-0: Ball
1-0: Called Strike
1-1: Foul Ball, location: 2F
1-2: Strikes out swinging
Top of the 6th over - 0 runs, 1 hit, 0 errors, 1 left on base; Ellesmere Island 0 - Sheridan 0
BOTTOM OF THE 6TH
Sheridan Deer batting - Pitching for Ellesmere Island Snowpeople : LHP Jorge Oyas
Batting: RHB Ju-choer Park 0-0: Called Strike
0-1: Ball
1-1: Ground out 4-3 (Groundball, 4M)
Batting: RHB Tolenka Kafengauz 0-0: Ball
1-0: Ball
2-0: Ball
3-0: Base on Balls
Batting: RHB Jorge Carrillo 0-0: Ball
Tolenka Kafengauz steals 2nd base
1-0: Called Strike
1-1: Ball
Tolenka Kafengauz steals 3rd base
2-1: Foul Ball, location: 2F
2-2: Ball
3-2: Foul Ball, location: 2F
3-2: Base on Balls
Batting: RHB Zitomir Weich 0-0: Ball
Jorge Carrillo is caught stealing 2nd base
1-0: Foul Ball, location: 2F
1-1: Foul Ball, location: 2F
1-2: Ball
2-2: Ball
3-2: Ground out 4-3 (Groundball, 4)
Bottom of the 6th over - 0 runs, 0 hits, 0 errors, 1 left on base; Ellesmere Island 0 - Sheridan 0
TOP OF THE 7TH
Ellesmere Island Snowpeople batting - Pitching for Sheridan Deer : LHP Jorge Moreno
Batting: RHB Magtanggol Florencio 0-0: Ball
1-0: Foul Ball, location: 2F
1-1: Ball
2-1: Fly out, F7 (Flyball, 78M)
Batting: RHB Tatsui Kiyomizu 0-0: Fly out, F3 (Line Drive, 34)
Batting: RHB Ryung Jae-Wook 0-0: Ball
1-0: DOUBLE (Flyball, 89D)
Batting: RHB César Rivera 0-0: Ball
1-0: Foul Ball, location: 2F
1-1: Ball
2-1: Ball
3-1: Base on Balls
Batting: RHB Wen Chua 0-0: Fly out, F4 (Popup, 4MS)
Top of the 7th over - 0 runs, 1 hit, 0 errors, 2 left on base; Ellesmere Island 0 - Sheridan 0
BOTTOM OF THE 7TH
Sheridan Deer batting - Pitching for Ellesmere Island Snowpeople : LHP Jorge Oyas
Batting: RHB Daniel Divina 0-0: Ground out 1-3 (Groundball, 13S)
Batting: LHB Jeremy Malzahn 0-0: Swinging Strike
0-1: Fly out, F7 (Flyball, 7LM)
Batting: RHB Chaim Werkman 0-0: Ball
1-0: Fly out, F8 (Flyball, 8LM)
Bottom of the 7th over - 0 runs, 0 hits, 0 errors, 0 left on base; Ellesmere Island 0 - Sheridan 0
TOP OF THE 8TH
Ellesmere Island Snowpeople batting - Pitching for Sheridan Deer : LHP Jorge Moreno
Batting: SHB Armond Buonaiuti 0-0: Fly out, F8 (Flyball, 89M)
Batting: RHB Anass Balfakir 0-0: Called Strike
0-1: Called Strike
0-2: DOUBLE (Groundball, 5L)
Pitching: LHP Jimmy Whitney
Batting: LHB Duncan Witteman 0-0: Ball
1-0: Foul Ball, location: 2F
1-1: Swinging Strike
1-2: Strikes out looking
Batting: RHB Riemer Kila 0-0: Foul Ball, location: 2F
0-1: Swinging Strike
0-2: Strikes out looking
Top of the 8th over - 0 runs, 1 hit, 0 errors, 1 left on base; Ellesmere Island 0 - Sheridan 0
BOTTOM OF THE 8TH
Sheridan Deer batting - Pitching for Ellesmere Island Snowpeople : LHP Jorge Oyas
Pinch Hitting: RHB Shigeaki Samurakami 0-0: Ball
1-0: Ball
2-0: Ball
3-0: Base on Balls
Batting: RHB Gabriel Torres 0-0: Ball
1-0: Ball
2-0: Sac Bunt - play at first, batter OUT! 1-4
Shigeaki Samurakami to second
Pinch Hitting: RHB Pablo Pagán 0-0: Intentional Walk
Pinch Hitting: RHB Tak-wai Jia 0-0: Foul Ball, location: 2F
0-1: Ball
1-1: Swinging Strike
1-2: SINGLE (Groundball, 6MD)
Shigeaki Samurakami to third
Pablo Pagán to second
Runner from 3rd tries for Home, SAFE, no throw
Batting: RHB Jorge Carrillo 0-0: Called Strike
0-1: Called Strike
0-2: Foul Ball, location: 2F
0-2: Ball
1-2: Fly out, F7 (Line Drive, 7)
Batting: RHB Zitomir Weich 0-0: Foul Ball, location: 2F
0-1: Ball
1-1: DOUBLE (Line Drive, 7)
Pablo Pagán scores
Tak-wai Jia to third
Runner from 3rd tries for Home, SAFE, no throw
Batting: RHB Daniel Divina 0-0: Ground out 6-3 (Groundball, 6)
Bottom of the 8th over - 3 runs, 2 hits, 0 errors, 1 left on base; Ellesmere Island 0 - Sheridan 3
TOP OF THE 9TH
Ellesmere Island Snowpeople batting - Pitching for Sheridan Deer : LHP Jimmy Whitney
Now at 1B: Shigeaki Samurakami
Now at 3B: Jack Lynch
Batting: RHB Magtanggol Florencio 0-0: Ball
Now at 1B: Pete Boston 1-0: Ball
2-0: Called Strike
2-1: Ball
3-1: TRIPLE (Line Drive, 9D)
Batting: RHB Tatsui Kiyomizu 0-0: Swinging Strike
0-1: Foul Ball, location: 2F
0-2: Ball
1-2: Foul Ball, location: 2F
1-2: SINGLE (Line Drive, 8LS)
Magtanggol Florencio scores
Batting: RHB Ryung Jae-Wook 0-0: Ball
1-0: Foul Ball, location: 2F
1-1: Called Strike
1-2: Ball
2-2: Foul Ball, location: 2F
2-2: Ball
3-2: Strikes out swinging
Batting: RHB César Rivera 0-0: Ground out 3-1 (Groundball, 34S)
Tatsui Kiyomizu to second
Batting: RHB Wen Chua 0-0: Ball
1-0: Foul Ball, location: 2F
1-1: Foul Ball, location: 2F
1-2: Foul Ball, location: 2F
1-2: Ball
2-2: Strikes out swinging
Top of the 9th over - 1 run, 2 hits, 0 errors, 1 left on base; Ellesmere Island 1 - Sheridan 3
Wednesday, September 19th, 2018 - OOTP Baseball 18.8 Build 76